cohdb
Replays
Latest Replays
All Replays
Popular Replays
Top Player Replays
Match Explorer
How It Works
Community
CoH3 Stats
Reddit
Sign in to upload your games and track your stats! →
Sign in with Steam
Match 42094780
Unlisted
Match 42094780
Overview
Messages
Build Orders
End
Vickers Machine Gun Team
Selects Canadian Shock Battlegroup
Royal Engineer Section
Vickers Machine Gun Team
Construct Section Command Post
Selects Attacking Spirit
Selects Canadian Shock Section
Canadian Shock Section
Royal Engineer Section
Construct Platoon Command Post
Selects Incendiary Munitions
Canadian Shock Section
6-pounder Anti-tank Gun Team
Selects Pyrotechnics
Selects Pyrotechnics
Canadian Shock Section
Infantry Training
Construct Company Command Post
Selects Smoke Operation
Selects Demolition Engineering
Matilda II Heavy Tank
Crusader II Medium Tank
Armored Vehicle Training
Demolition Engineering
Smoke Operation
Crusader II Medium Tank
Unlock M3 Grant Medium Tanks
M3 Grant Medium Tank
Smoke Operation
Crusader II Medium Tank
Smoke Operation
M3 Grant Medium Tank
Smoke Operation
Este-El-Beste
Out of Thyme
BigTiddyLebron
kreumat
0
0
Comments
sign in to comment!
No comments posted yet!